 Dungeon Crawl Stone Soup version 0.25.0-46-gbd7b0854d2 (webtiles) character file.

Game seed: 7259647517794138884

821 Ethylacetat the Gusty (level 7, -4/42 HPs)
             Began as an Octopode Air Elementalist on July 15, 2020.
             Was an Initiate of Vehumet.
             Slain by an orc warrior
             ... wielding a +0 great sword
              (13 damage)
             ... on level 5 of the Dungeon.
             The game lasted 00:16:02 (5715 turns).

Ethylacetat the Gusty (Octopode Air Elementalist)   Turns: 5715, Time: 00:16:02

Health: -4/42      AC:  1    Str:  7    XL:     7   Next: 95%
Magic:  12/13      EV: 13    Int: 19    God:    Vehumet [......]
Gold:   219        SH:  0    Dex: 13    Spells: 4/14 levels left

rFire    . . .     SeeInvis .   o - +0 dagger
rCold    . . .     Gourm    .   (no shield)
rNeg     . . .     Faith    .   (helmet restricted)
rPois    .         Spirit   .   (no amulet)
rElec    .         Reflect  .   (no ring)
rCorr    .         Harm     .   (no ring)
MR       .....                  (no ring)
Stlth    +++.......             (no ring)
HPRegen  0.14/turn              (no ring)
MPRegen  0.13/turn              (no ring)
                                (no ring)
                                (no ring)

@: no status effects
A: almost no armour, stealthy swim, amphibious, 8 rings, constrict 8, camouflage
1, gelatinous body 1
a: Renounce Religion


You were on level 5 of the Dungeon.
You worshipped Vehumet.
Vehumet was noncommittal.
You were very hungry.

You visited 2 branches of the dungeon, and saw 6 of its levels.

You collected 219 gold pieces.

Inventory:

Hand Weapons
 o - a +0 dagger (weapon)
Armour
 v - a +2 kite shield
Scrolls
 a - a scroll of enchant armour {unknown}
 e - a scroll of amnesia {unknown}
 g - 6 scrolls of teleportation {unknown}
 h - 4 scrolls of remove curse {unknown}
 i - 2 scrolls of immolation {unknown}
 j - a scroll of fear {unknown}
 k - a scroll of blinking {unknown}
 m - a scroll of identify {unknown}
 s - a scroll of magic mapping {unknown}
 u - 2 scrolls of noise {unknown}
Potions
 c - a potion of ambrosia {unknown}
 d - 3 potions of flight {unknown}
 f - 2 potions of degeneration {unknown}
 l - a potion of magic {unknown}
 n - 2 potions of brilliance {unknown}
 p - 3 potions of curing {unknown}
 r - 2 potions of might {unknown}
 t - a potion of lignification {unknown}
Comestibles
 b - 13 rations
 q - 3 chunks of flesh


   Skills:
 + Level 0.6 Fighting
 + Level 0.1 Short Blades
 - Level 2.0 Dodging
 - Level 2.6 Stealth
 + Level 1.2 Unarmed Combat
 + Level 4.3 Spellcasting
 * Level 4.3 Conjurations
 * Level 6.4 Air Magic


You had 4 spell levels left.
You knew the following spells:

 Your Spells              Type           Power        Failure   Level  Hunger
a - Shock                 Conj/Air       ###.         1%          1    None
b - Airstrike             Air            ####......   10%         4    ####...
c - Lightning Bolt        Conj/Air       ###.......   38%         5    ######.

Your spell library contained the following spells:

 Spells                   Type           Power        Failure   Level  Hunger
 Static Discharge         Conj/Air       ###.....     4%          3    ###....
 Swiftness                Chrm/Air       ###.....     5%          2    #......
 Animate Skeleton         Necr           N/A          14%         1    None
 Apportation              Tloc           #.....       14%         1    None
 Corona                   Hex            #......      14%         1    None
 Summon Small Mammal      Summ           #...         14%         1    None


Dungeon Overview and Level Annotations

Branches:
Dungeon (5/15)             Temple (1/1) D:4

Altars:
Ashenzari
Dithmenos
Hepliaklqana
Sif Muna
Trog
Vehumet
Xom
Yredelemnul


Innate Abilities, Weirdness & Mutations

You cannot wear most types of armour.
You are very stealthy in the water. (Stealth+)
You are amphibious.
You can wear up to eight rings at the same time.
You can use your tentacles to constrict eight enemies at once.
Your skin changes colour to match your surroundings (Stealth+).
Your rubbery body absorbs attacks. (AC +1, EV +1)


Message History

Press: ? - help, Shift-Dir - straight line The zap misses the orc warrior.
The zap hits the orc warrior.
The orc warrior is moderately wounded.
The zap hits the orc warrior.
The orc warrior is moderately wounded.
The zap hits the orc warrior but does no damage.
Casting: Shock (safe; 1% risk of failure)
Confirm with . or Enter, or press ? or * to list all spells.
Aiming: Shock (safe; 1% risk of failure)
Press: ? - help, Shift-Dir - straight line The zap hits the orc warrior but does no damage.
The zap hits the orc warrior.
The orc warrior is heavily wounded.
The zap misses the orc warrior.
The zap hits the orc warrior.
The orc warrior is lightly wounded.
The orc warrior hits you with a +0 great sword!!
Ouch! That really hurt!
* * * LOW HITPOINT WARNING * * *
The orc warrior hits you with a +0 great sword!
You die...

.. ###.#### ..
###......# #.#
#........# .#
#.#...#..# .#
#<#..##..#
#.#......#
#.#......#
#.......##
######@## #o#
...#####o#
.........#######
#..######......###
#.##.....#
#.##.#.#.########
#....#.#......))#
#.####.########.#


You could see 2 orc warriors.

Vanquished Creatures
  Grinder (D:3)
  An ice beast (D:2)
  Blork the orc (D:5)
  2 gnoll sergeants (D:5)
  An iguana (D:5)
  Terence (D:2)
  Natasha (D:4)
  2 orc wizards
  2 worker ants (D:4)
  7 adders
  A shadow imp (D:5)
  2 oozes
  3 worms (D:2)
  3 dart slugs
  4 leopard geckos
  6 orcs
  10 bats
  4 giant cockroaches
  11 goblins
  8 hobgoblins
  3 jackals (D:4)
  A ball python (D:2)
  5 frilled lizards
  3 kobolds (D:2)
  6 rats
  A spectral orc (D:4)
90 creatures vanquished.

Notes
Turn   | Place    | Note
-------+----------+-------------------------------------------
     0 | D:1      | Ethylacetat the Octopode Air Elementalist began the quest
                  | for the Orb.
     0 | D:1      | Reached XP level 1. HP: 11/11 MP: 3/3
    47 | D:1      | Reached XP level 2. HP: 12/17 MP: 1/5
   611 | D:1      | Reached XP level 3. HP: 21/21 MP: 3/6
   913 | D:1      | Found a shattered altar of Ashenzari.
   995 | D:2      | Reached skill level 4 in Air Magic
  1424 | D:2      | Noticed Terence
  1446 | D:2      | Killed Terence
  1446 | D:2      | Reached XP level 4. HP: 17/27 MP: 0/7
  2141 | D:2      | Reached XP level 5. HP: 27/31 MP: 4/9
  2325 | D:2      | Learned a level 4 spell: Airstrike
  2366 | D:2      | Noticed an ice beast
  2373 | D:2      | Killed an ice beast
  2373 | D:2      | Reached skill level 1 in Unarmed Combat
  2373 | D:2      | Reached XP level 6. HP: 9/36 MP: 2/10
  2762 | D:2      | Reached skill level 5 in Air Magic
  3212 | D:3      | Noticed Grinder
  3217 | D:3      | Paralysed by Grinder for 2 turns
  3233 | D:3      | Killed Grinder
  3233 | D:3      | Reached XP level 7. HP: 41/41 MP: 4/12
  3546 | D:3      | Found a bloodstained altar of Trog.
  4765 | D:4      | Found a staircase to the Ecumenical Temple.
  4771 | Temple   | Entered the Ecumenical Temple
  4835 | Temple   | Became a worshipper of Vehumet
  4929 | D:4      | Found a basalt altar of Yredelemnul.
  5012 | D:4      | Noticed Natasha
  5021 | D:4      | Killed Natasha
  5201 | D:5      | Entered Level 5 of the Dungeon
  5253 | D:5      | Reached skill level 6 in Air Magic
  5456 | D:5      | Noticed Blork the orc
  5473 | D:5      | Killed Blork the orc
  5646 | D:5      | Learned a level 5 spell: Lightning Bolt
  5715 | D:5      | Slain by an orc warrior

Illustrated notes

Levels and vault maps discovered:
D:1:      doesnt_arrival_eight_statues, layout_basic, ashenzari_altar_1
D:2:      minmay_wonky_spiral, layout_loops_corners, minmay_increasing_density,
          uniq_terence
D:3:      layout_basic, trog_three_pillars_becter, uniq_grinder
D:4:      layout_loops_corners, yredelemnul_forgotten_temple_becter,
          minmay_temple_entry_fiery, uniq_natasha
D:5:      layout_loops_cross, serial_shops, shop, first_ration, basic_altar,
          sword_in_stone
Temple:   minmay_temple_curvy_loop

Skill      XL: |  1  2  3  4  5  6  7 |
---------------+----------------------+-----
Air Magic      | 4 5 6 |  6.4
Conjurations   | 2 3 4 |  4.3
Unarmed Combat | 1 |  1.2
Spellcasting   | 3 4 |  4.3
Fighting       | |  0.6
Short Blades   | |  0.1
Dodging        | |  2.0
Stealth        | |  2.6

Action                   |  1- 3 |  4- 6 |  7- 9 || total
-------------------------+-------+-------+-------++-------
Melee: Unarmed           |    49 |     5 |       ||    54
       Constrict         |    13 |     3 |     6 ||    22
       Tentacles         |     8 |     3 |     2 ||    13
       Dagger            |       |     6 |    14 ||    20
       Punch             |       |       |     1 ||     1
 Cast: Shock             |    55 |    56 |    59 ||   170
 Stab: Sleeping          |     2 |     1 |     2 ||     5
  Eat: Chunk             |     2 |     6 |     6 ||    14
Armor: Skin              |    11 |       |       ||    11
Dodge: Dodged            |    59 |    13 |    15 ||    87
